 Dungeon Crawl Stone Soup version 0.31-a0-221-gbddc013574 (webtiles) character file.

Game seed: 2034584098464565015

54127 Anon1729 the Carver (level 14, -5/129 HPs)
             Began as a Minotaur Monk on July 4, 2023.
             Was the Champion of Okawaru.
             Splashed by a goliath frog's acid (8 damage)
             ... on level 5 of the Lair of Beasts.
             The game lasted 00:20:06 (20540 turns).

Anon1729 the Carver (Minotaur Monk)                Turns: 20540, Time: 00:20:06

Health: -5/129     AC: 11    Str: 17    XL:     14   Next: 33%
Magic:  19/19      EV: 21    Int:  7    God:    Okawaru [******]
Gold:   331        SH:  0    Dex: 17    Spells: 13/13 levels left

rFire   . . .        a - +1 scimitar (flame)
rCold   + + .        d - orb {light}
rNeg    . . .        y - +1 scale mail {rPois}
rPois   +            X - +0 hat of Lilacs {Str+3}
rElec   +            (no cloak)
rCorr   .            (no gloves)
SInv    .            Q - +0 pair of boots of Indemnity {rElec rPois rC++ Str-3}
Will    +....        j - amulet of magic regeneration Stlth
                     g - +5 ring of evasion
HPRegen 0.41/turn    s - +4 ring of protection
MPRegen 0.56/turn

%: no passive effects
@: marked, corroded, glowing
A: horns 2, retaliatory headbutt
a: Renounce Religion, Heroism, Finesse, Duel


You were on level 5 of the Lair of Beasts.
You worshipped Okawaru.
Okawaru was exalted by your worship.
You visited 3 branches of the dungeon, and saw 17 of its levels.
You also visited: Sewer.

You collected 814 gold pieces.
You spent 483 gold pieces at shops.

Inventory:

Hand Weapons
 a - a +1 scimitar of flaming (weapon)
 I - a +0 orcbow
 T - a +0 great sword of holy wrath
Missiles
 L - a throwing net
Armour
 b - a +0 robe
 d - an orb of light (worn)
 r - a +1 pair of boots of rampaging
 v - a +0 leather armour of fire resistance
 y - a +1 scale mail of poison resistance (worn)
 Q - the +0 pair of boots of Indemnity (worn) {rElec rPois rC++ Str-3}
   (Okawaru gifted it to you on level 2 of the Lair of Beasts)

   Str:       It affects your strength (-3).
   rC:        It greatly protects you from cold.
   rElec:     It insulates you from electricity.
   rPois:     It protects you from poison.
 X - the +0 hat of Lilacs (worn) {Str+3}
   (Okawaru gifted it to you on level 4 of the Lair of Beasts)

   Str:       It affects your strength (+3).
Jewellery
 g - a +5 ring of evasion (left hand)
 h - a ring of ice
 j - an amulet of magic regeneration (around neck)
 s - a +4 ring of protection (right hand)
 E - a ring of ice
 J - a ring of willpower
 S - a ring of fire
 V - a +6 ring of dexterity
Wands
 A - a wand of polymorph (8)
 C - a wand of flame (19)
 D - a wand of light (8)
 G - a wand of digging (7)
 K - a wand of roots (7)
 M - a wand of mindburst (7)
Scrolls
 c - 3 scrolls of teleportation
 e - 4 scrolls of fear
 l - 4 scrolls of fog
 m - 5 scrolls of vulnerability
 n - 2 scrolls of amnesia
 t - 2 scrolls of immolation
 w - 8 scrolls of blinking
 x - 2 scrolls of torment
 F - 3 scrolls of revelation
 N - 2 scrolls of enchant armour
 P - 3 scrolls of enchant weapon
Potions
 f - 3 potions of lignification {unknown}
 i - 7 potions of cancellation
 k - 2 potions of heal wounds
 o - 4 potions of curing
 p - 6 potions of attraction
 q - 8 potions of might
 u - 2 potions of magic {unknown}
 z - a potion of degeneration {unknown}
 B - 3 potions of haste
 H - 2 potions of enlightenment {unknown}
 O - a potion of brilliance {unknown}
 R - 2 potions of mutation {unknown}
 U - a potion of invisibility {unknown}


   Skills:
 + Level 13.5 Fighting
 + Level 13.5 Long Blades
 + Level 11.9 Ranged Weapons
 + Level 12.5 Armour
 + Level 12.2 Dodging
 + Level 8.8 Invocations


You had 13 spell levels left.
You didn't know any spells.
Your spell library contained the following spells:

 Spells                   Type           Power      Damage    Failure   Level
 Beastly Appendage        Tmut           0%         N/A       75%         1
 Necrotise                Necr           0%         1d4       75%         1
 Shock                    Conj/Air       0%         1d3       75%         1
 Scorch                   Fire           0%         2d5       87%         2
 Wereblood                Tmut           0%         N/A       87%         2
 Dazzling Flash           Conj/Hex       0%         N/A       98%         3
 Spider Form              Tmut/Pois      0%         N/A       98%         3
 Swiftness                Air            0%         N/A       98%         3
 Vampiric Draining        Necr           0%         2d6       98%         3
 Vhi's Electric Charge    Tloc/Air       0%         N/A       98%         3
 Airstrike                Air            0%         2d(0-16)  100%        4
 Flame Wave               Conj/Fire      0%         2d4       100%        4
 Agony                    Necr           0%         N/A       100%        5
 Arcjolt                  Conj/Air       0%         1d10      100%        5
 Blade Hands              Tmut           0%         N/A       100%        5
 Silence                  Hex/Air        0%         N/A       100%        5
 Plasma Beam              Fire/Air       0%         2x1d10    100%        6
 Animate Armour           Summ/Erth      Unusable   N/A       N/A         4
 Summon Lightning Spire   Summ/Air       Unusable   N/A       N/A         4
 Summon Cactus Giant      Summ           Unusable   N/A       N/A         6

Dungeon Overview and Level Annotations

Branches:
Dungeon (11/15)            Temple (1/1) D:7            Lair (5/5) D:9
  Swamp (0/4) Lair:3        Snake (0/4) Lair:3          Orc (0/2) D:9
  Sewer (visited)
  Slime: Lair:4-5

Altars:
Ashenzari
Cheibriados
Dithmenos
Elyvilon
Fedhas
Gozag
Hepliaklqana
Kikubaaqudgha
Makhleb
Nemelex Xobeh
Okawaru
Qazlal
Ru
Sif Muna
Trog
Uskayaw
Vehumet
Wu Jian
Xom
Yredelemnul
Zin
The Shining One

Shops:
D:2 (   D:6 !   D:11 *

Portals:
Trove: D:10 (give 7 potions of haste)

Annotations:
D:5 3 runed translucent doors, GrimJard's ghost, amateur DrCj; bmj180's ghost, novice HOFi
D:8 2 runed translucent doors, initializr's ghost, novice VSFi
D:10 2 transporters, Losyloc's ghost, journeyman OpCK


Innate Abilities, Weirdness & Mutations

You have a pair of horns on your head.
You reflexively headbutt those who attack you in melee.


Message History

A komodo dragon, a bullfrog and a vampire mosquito come into view.
A nearby plant withers and dies.
The blink frog blinks! x2
The cane toad barely misses you. You furiously retaliate!
You headbutt the cane toad. The goliath frog hits you.
You are splashed with acid!
* * * LOW HITPOINT WARNING * * *
The blink frog barely misses you.
The blink frog blinks!
The cane toad stings you but does no damage.
Things that are here:
a black mamba corpse; a blink frog corpse; a vampire mosquito corpse The goliath frog attacks as you move away!
The goliath frog misses you. You furiously retaliate!
You headbutt the goliath frog. The goliath frog hits you from afar!
* * * LOW HITPOINT WARNING * * *
You are splashed with acid!
* * * LOW HITPOINT WARNING * * *
You feel better.
The blink frog hits you but does no damage.
The blink frog blinks!
The goliath frog hits you from afar.
* * * LOW HITPOINT WARNING * * *
You are splashed with acid!
* * * LOW HITPOINT WARNING * * *
A water moccasin comes into view.
The blink frog blinks!
The goliath frog closely misses you.
Aiming: Fastroot
Press: ? - help, Shift-Dir - straight line, f - cane toad
Aim: a cane toad (lightly wounded, haloed)
The roots erupt in riotous growth!
Roots grab the cane toad.
Roots grab the blink frog. x2
Roots grab the goliath frog.
The grasping roots constrict the blink frog.
The grasping roots constrict the goliath frog.
The grasping roots constrict the cane toad.
The grasping roots constrict the blink frog.
The blink frog blinks! x2; The cane toad stings you!
* * * LOW HITPOINT WARNING * * *
The goliath frog hits you from afar!
* * * LOW HITPOINT WARNING * * *
The acid corrodes you!
You are splashed with acid!
You die...

## ♣♣~# ## #♣~~~♣#~#
♣~~~~~~~# #♣~~P§~P~#
###F~.~~§~~#
#@FF§.F...##
###FFF.....##
#.y........ ###
##.S....P. # ###.##
#F†F.##.. ###.###....#
#####.###
#.P.#.#....###..S.yl#
...................#.#
..###P......#††.P......


You could see a goliath frog (rooted), a cane toad (rooted), 5 blink frogs, a
water moccasin, a vampire mosquito and a bullfrog.

Vanquished Creatures
  4 hydras
  2 catoblepae
  Erica (D:8)
  3 two-headed ogres
  3 boulder beetles
  12 death yaks
  2 skysharks (Lair:2)
  2 cyclopes (D:11)
  An oklob plant (Lair:2)
  7 elephants
  9 black mambas
  19 cane toads
  A torpor snail (Lair:3)
  2 rime drakes
  11 komodo dragons
  A hornet (D:9)
  4 polar bears
  9 dream sheep
  Prince Ribbit (D:8)
  23 blink frogs
  A shadow (D:10)
  Sigmund (D:4)
  A wraith (D:9)
  5 basilisks
  A hog (D:6)
  5 wyverns
  33 yaks
  3 steam dragons
  2 vampire mosquitoes (Lair:5)
  4 wargs (D:9)
  A swamp worm (Lair:3)
  3 nagas (Lair:3)
  2 acid dragons
  18 water moccasins
  Duvessa (D:6)
  Pargi (Sewer)
  2 black bears
  An orc warrior (D:9)
  A sky beast (D:7)
  15 wolves
  A phantom (D:5)
  An ogre (D:6)
  2 centaurs (D:7)
  2 lemures
  A kobold brigand (D:8)
  2 gnoll sergeants
  17 bullfrogs
  5 scorpions
  11 wights
  Dowan (D:6)
  3 electric eels
  2 jellies
  5 orc priests
  5 hounds
  6 iguanas
  A sleepcap (D:5)
  2 gnoll boudas
  11 orc wizards
  A hell rat (Lair:2)
  18 gnolls
  10 adders
  4 river rats (D:3)
  A shadow imp (D:6)
  4 white imps
  7 worms
  2 dart slugs
  40 orcs
  8 endoplasms
  7 giant cockroaches
  12 goblins
  5 hobgoblins
  4 jackals
  8 kobolds
  2 quokkas
  7 ball pythons
  3 bats
  8 frilled lizards
  10 rats
457 creatures vanquished.

Vanquished Creatures (others)
  A bullfrog (Lair:2)
1 creature vanquished.

Grand Total: 458 creatures vanquished

Notes
Turn   | Place    | Note
-------+----------+-------------------------------------------
     0 | D:1      | Anon1729 the Minotaur Monk began the quest for the Orb.
     0 | D:1      | Reached XP level 1. HP: 19/19 MP: 0/0
   290 | D:1      | Reached XP level 2. HP: 22/27 MP: 1/1
   657 | D:1      | Reached skill level 1 in Ranged Weapons
   797 | D:2      | Found a faded altar of an unknown god.
   839 | D:2      | Found Kunlag's Antique Weapon Boutique.
   866 | D:2      | Reached XP level 3. HP: 26/33 MP: 2/2
  1250 | D:3      | You fall into a shaft and drop 2 floors!
  1250 | D:5      | Entered Level 5 of the Dungeon
  1454 | D:3      | Reached XP level 4. HP: 32/40 MP: 3/3
  1627 | D:3      | Found a glowing drain.
  1666 | Sewer    | Entered a sewer
  1730 | Sewer    | Noticed Pargi
  1747 | Sewer    | Killed Pargi
  1748 | Sewer    | Reached skill level 5 in Fighting
  1748 | Sewer    | Reached skill level 5 in Long Blades
  1748 | Sewer    | Reached XP level 5. HP: 7/48 MP: 4/4
  2234 | D:3      | Reached XP level 6. HP: 56/56 MP: 5/5
  2894 | D:4      | Reached skill level 1 in Armour
  2970 | D:4      | Reached skill level 5 in Dodging
  3045 | D:4      | Reached XP level 7. HP: 61/61 MP: 6/6
  3188 | D:4      | Noticed Sigmund
  3201 | D:4      | Killed Sigmund
  3487 | D:4      | Identified the +6 hand axe of Uncertain Death {elec, Str+2}
  3818 | D:5      | Reached XP level 8. HP: 32/71 MP: 7/7
  4402 | D:5      | Reached skill level 5 in Ranged Weapons
  4653 | D:5      | Found a runed translucent gate.
  4653 | D:5      | Found a runed translucent gate.
  4653 | D:5      | Found a runed translucent gate.
  4653 | D:5      | Noticed bmj180's ghost (novice HOFi)
  4654 | D:5      | Noticed GrimJard's ghost (amateur DrCj)
  4810 | D:6      | Noticed Pikel
  4976 | D:6      | Pikel changed into Pikel the hog
  4976 | D:6      | Noticed Pikel
  4980 | D:6      | Killed Pikel the hog
  5058 | D:6      | Found Oradwut's Distillery.
  5081 | D:6      | Bought a potion of haste for 100 gold pieces
  5081 | D:6      | Bought a potion of curing for 30 gold pieces
  5081 | D:6      | Bought a potion of might for 40 gold pieces
  5411 | D:6      | Reached skill level 5 in Armour
  5515 | D:6      | Noticed Duvessa
  5515 | D:6      | Noticed Dowan
  5522 | D:6      | Killed Duvessa
  5523 | D:6      | Reached XP level 9. HP: 68/79 MP: 8/8
  5525 | D:6      | Killed Dowan
  6832 | D:7      | Found a staircase to the Ecumenical Temple.
  7418 | Temple   | Entered the Ecumenical Temple
  7805 | Temple   | Became a worshipper of Warmaster Okawaru
  7805 | Temple   | Reached * piety under Okawaru
  7805 | Temple   | Reached ** piety under Okawaru
  7895 | D:8      | Noticed a komodo dragon
  7904 | D:8      | Killed a komodo dragon
  7974 | D:8      | Noticed Prince Ribbit
  8000 | D:8      | Killed Prince Ribbit
  8001 | D:8      | Reached skill level 1 in Invocations
  8116 | D:8      | Identified the +1 hand axe "Kidghefyrch" {freeze, Will+
                  | Int+4 Dex-3}
  8151 | D:8      | Found a large runed translucent door.
  8151 | D:8      | Found a large runed translucent door.
  8155 | D:8      | Noticed initializr's ghost (novice VSFi)
  8175 | D:8      | Noticed Erica
  8232 | D:8      | Killed Erica
  8233 | D:8      | Reached XP level 10. HP: 32/90 MP: 10/10
  9029 | D:9      | Noticed a two-headed ogre
  9042 | D:9      | Killed a two-headed ogre
  9210 | D:9      | Found a staircase to the Orcish Mines.
  9217 | D:9      | Reached *** piety under Okawaru
  9626 | D:9      | Found a staircase to the Lair.
 10087 | D:9      | Reached **** piety under Okawaru
 10272 | D:10     | Entered Level 10 of the Dungeon
 10404 | D:10     | Found a hide-covered altar of Uskayaw.
 10449 | D:10     | Noticed a two-headed ogre
 10458 | D:10     | Killed a two-headed ogre
 10458 | D:10     | Reached ***** piety under Okawaru
 10459 | D:10     | Reached XP level 11. HP: 63/99 MP: 11/13
 10592 | D:10     | Found a transporter.
 10674 | D:10     | Found a portal to a secret trove of treasure.
 10688 | D:10     | Noticed Losyloc's ghost (journeyman OpCK)
 10691 | D:10     | Found a transporter.
 10692 | D:10     | Noticed a two-headed ogre
 10694 | D:10     | Noticed a two-headed ogre
 10694 | D:10     | Noticed a two-headed ogre
 10694 | D:10     | Identified the +10 giant spiked club "Jimn" {freeze, rF++
                  | Dex+3}
 10694 | D:10     | Identified the +2 dire flail "Neruboeh" {flame, rF++}
 10694 | D:10     | Noticed a two-headed ogre
 11091 | D:10     | Reached skill level 10 in Long Blades
 11534 | D:11     | Noticed a boulder beetle
 11558 | D:11     | Killed a boulder beetle
 11559 | D:11     | Reached skill level 10 in Fighting
 11584 | D:11     | Found Ceffar's Assorted Antiques.
 11592 | D:11     | Bought a scroll of blinking for 247 gold pieces
 11592 | D:11     | Bought a scroll of identify for 66 gold pieces
 11699 | D:11     | Noticed a boulder beetle
 11732 | D:11     | Killed a boulder beetle
 12143 | D:11     | Noticed a two-headed ogre
 12149 | D:11     | Killed a two-headed ogre
 12153 | D:11     | Reached skill level 5 in Invocations
 12561 | Lair:1   | Entered Level 1 of the Lair of Beasts
 12806 | Lair:1   | Received a gift from Okawaru
 13039 | Lair:1   | Reached ****** piety under Okawaru
 13142 | Lair:1   | Identified the +7 trident of the Forging Visionary {spect,
                  | Int+2}
 13483 | Lair:2   | Reached XP level 12. HP: 108/108 MP: 15/15
 13823 | Lair:2   | Reached skill level 10 in Dodging
 14282 | Lair:2   | Reached skill level 10 in Armour
 14381 | Lair:2   | Noticed a seven-headed hydra
 14393 | Lair:2   | Killed a one-headed hydra
 14503 | Lair:2   | Reached skill level 10 in Ranged Weapons
 14534 | Lair:2   | Noticed a catoblepas
 14552 | Lair:2   | Noticed a death yak
 14552 | Lair:2   | Noticed a boulder beetle
 15467 | Lair:2   | Killed a death yak
 15467 | Lair:2   | Received a gift from Okawaru
 15645 | Lair:2   | Reached XP level 13. HP: 80/118 MP: 17/17
 16556 | Lair:2   | Identified the +0 pair of boots of Indemnity {rElec rPois
                  | rC++ Str-3} (Okawaru gifted it to you on level 2 of the
                  | Lair of Beasts)
 16556 | Lair:2   | Received a gift from Okawaru
 17550 | Lair:3   | Found a staircase to the Snake Pit.
 18303 | Lair:3   | Found a staircase to the Swamp.
 19336 | Lair:4   | Reached XP level 14. HP: 125/129 MP: 19/19
 19392 | Lair:4   | Identified the +0 hat of Lilacs {Str+3} (Okawaru gifted it
                  | to you on level 4 of the Lair of Beasts)
 19392 | Lair:4   | Received a gift from Okawaru
 19926 | Lair:5   | Entered Level 5 of the Lair of Beasts
 20183 | Lair:4   | HP: 5/129 [komodo dragon (19)]
 20540 | Lair:5   | HP: 3/129 [goliath frog (12)]
 20540 | Lair:5   | Splashed by a goliath frog's acid

Illustrated notes

Levels and vault maps discovered:
D:1:      dpeg_arrival_renting, layout_basic
D:2:      layout_rooms, nicolae_ecumenical_pavilion, serial_shops, shop,
          chequers_avenue
D:3:      layout_loops_corners, lightli_sewer_entry_pipes
D:4:      minmay_recursive_quarters, layout_loops_cross, hex_tiny, uniq_sigmund
D:5:      minmay_general_purpose_star, layout_basic, gammafunk_ghost_cemetery,
          amethyst_killhole, chequers_serial_rivers_small_3
D:6:      layout_basic, serial_shops, nicolae_shop_industrial_runoff,
          kennysheep_generic_room_11, uniq_duvessa, uniq_pikel
D:7:      layout_basic, minmay_temple_entry_hall, serial_curves, eino_curves_04,
          eino_curves_04
D:8:      layout_loops_cross, ebering_ghost_disaster_area, nicolae_water_bricks,
          uniq_prince_ribbit1, uniq_erica
D:9:      layout_irregular_city, grunt_lair_entry_orc_guard_hut,
          minmay_orc_entry_guard_dogs
D:10:     layout_stronghold, nicolae_uskayaw_dance_hall, gammafunk_ghost_smash,
          enter_trove_3
D:11:     layout_loops_ring, serial_shops, shop
Temple:   mainiacjoe_temple_trianglar_array
Lair:1:   layout_small_grid, infiniplex_staircase_pool_2, grunt_megastairs_3
Lair:2:   nzn_winding_woodlands_huge [nzn_winding_woodlands_5x15_longhouse,
          nzn_winding_woodlands_5x15_eye, nzn_winding_woodlands_5x15_jagged,
          nzn_winding_woodlands_5x15_cabin,
          nzn_winding_woodlands_5x15_lazy_stream,
          nzn_winding_woodlands_5x15_twine, nzn_winding_woodlands_5x15_crooked,
          nzn_winding_woodlands_5x15_parted, nzn_winding_woodlands_5x15_pockets,
          nzn_winding_woodlands_5x15_zeroes,
          nzn_winding_woodlands_center_triple_pond,
          nzn_winding_woodlands_center_pierced_h,
          nzn_winding_woodlands_15x15_eel_pit], layout_regular_city
Lair:3:   layout_loops_ring, palyth_hydra_swamp_entry,
          nicolae_snake_entry_squirm, infiniplex_staircase_pool
Lair:4:   layout_roguey, st_stairs_11, gammafunk_lair_bear_cave
Lair:5:   minmay_lair_end_frog_pond, layout_loops_ring,
          minmay_slime_entry_oklob_enclosed, serial_bayou_shore_b,
          grunt_megastairs_1

Skill      XL: |  1  2  3  4  5  6  7  8  9 10 11 12 13 14 |
---------------+-------------------------------------------+-----
Ranged Weapons | 1 2 3 4 5 7 8 9 10 11 | 11.9
Long Blades    | 4 5 6 7 8 9 11 12 13 | 13.5
Fighting       | 4 5 6 7 8 9 10 12 13 | 13.5
Dodging        | 4 5 6 8 9 10 11 12 | 12.2
Armour         | 1 3 5 6 8 9 10 12 | 12.5
Invocations    | 2 4 5 7 8 |  8.8

Action                     |  1- 3 |  4- 6 |  7- 9 | 10-12 | 13-15 || total
---------------------------+-------+-------+-------+-------+-------++-------
  Melee: Falchion          |    81 |   157 |   367 |   122 |       ||   727
         Headbutt          |    15 |    37 |   113 |   158 |   165 ||   488
         Scimitar          |       |       |       |   430 |   474 ||   904
 Invoke: Heroism           |       |       |     1 |       |     1 ||     2
         Finesse           |       |       |       |       |     1 ||     1
  Evoke: Wand              |       |       |     1 |     2 |     6 ||     9
    Use: Potion            |       |     1 |     3 |       |     6 ||    10
         Scroll            |       |       |       |    12 |     5 ||    17
   Stab: Petrified         |       |       |       |     2 |     1 ||     3
         Invisible         |       |       |       |       |     3 ||     3
         Distracted        |       |       |       |       |     1 ||     1
 Armour: Robe              |    12 |    11 |       |       |       ||    23
         Leather armour    |       |    15 |     3 |       |       ||    18
         Scale mail        |       |       |    86 |   136 |   147 ||   369
  Dodge: Dodged            |    66 |   173 |   270 |   459 |   481 ||  1449

Table legend: (Time is in decaauts)
 A = Elapsed time spent in this place.
 B = Non-inter-level travel time spent in this place.
 C = Inter-level travel time spent in this place.
 D = Time resting spent in this place.
 E = Time spent auto-exploring this place.
 F = Levels seen in this place.
 G = Mean time per level.
                   A        B        C        D        E       F      G
               +--------+--------+--------+--------+--------+-----+--------+
         Total |  20453 |  19586 |    867 |   2492 |  14251 |  18 | 1136.3 |
       Dungeon |  11831 |  11302 |    529 |    569 |   9134 |  11 | 1075.5 |
        Temple |    416 |    363 |     53 |      0 |    360 |   1 |  416.0 |
          Lair |   7850 |   7566 |    284 |   1779 |   4642 |   5 | 1570.0 |
         Sewer |    354 |    354 |      0 |    143 |    114 |   1 |  354.0 |
               +--------+--------+--------+--------+--------+-----+--------+

Top non-repeatable levels by time:
  Lair:2: 3401 daAuts
     D:7: 1735 daAuts
  Lair:3: 1718 daAuts
  Lair:4: 1694 daAuts
     D:9: 1324 daAuts
     D:5: 1304 daAuts
     D:3: 1296 daAuts
    D:10: 1159 daAuts
    D:11: 1097 daAuts
     D:8: 1078 daAuts
  Lair:1: 916 daAuts
     D:4: 852 daAuts
     D:1: 800 daAuts
     D:6: 750 daAuts
     D:2: 432 daAuts
